 Dungeon Crawl Stone Soup version 0.23.0-3-gf3c87f2 (console) character file.

Game seed: 15296531620622241348

258486 erker the Gelid (level 19, -4/129 HPs)
             Began as a Vampire Enchanter on Feb 23, 2019.
             Was the Champion of Dithmenos.
             Killed from afar by a deep elf mage (34 damage)
             ... with a bolt of lightning
             ... on level 2 of the Elven Halls on Feb 24, 2019.
             The game lasted 05:33:30 (40268 turns).

erker the Gelid (Vampire Enchanter)                Turns: 40268, Time: 05:33:31

Health: -4/129     AC:  0    Str: 10    XL:     19   Next: 12%
Magic:  28/37      EV: 31    Int: 26    God:    Dithmenos [******]
Gold:   217        SH:  0    Dex: 20    Spells: 18/47 levels left

rFire    . . .     SeeInvis +   (weapon currently unavailable)
rCold    + . .     Gourm    .   (shield currently unavailable)
rNeg     + + +     Faith    +   (armour currently unavailable)
rPois    +         Spirit   .   (helmet currently unavailable)
rElec    .         Reflect  .   (cloak currently unavailable)
rCorr    .         Harm     .   (gloves currently unavailable)
MR       +....                  (boots currently unavailable)
Stlth    ++++++++++             v - amulet of Ceanamaawo {Faith rN+ Str+2 Int+2 SInv}
HPRegen  0.15/turn              (ring currently unavailable)
MPRegen  0.25/turn              (ring currently unavailable)

@: bat-form, flying, very slightly contaminated, regenerating slowly, wreathed
by umbra, very quick
A: tiny, rotting body, fangs 3, see invisible
}: 2/15 runes: decaying, serpentine
a: End Transformation, Shadow Step, Shadow Form, Renounce Religion


You were on level 2 of the Elven Halls.
You worshipped Dithmenos.
Dithmenos was exalted by your worship.
You were thirsty.
You were in vampire-bat-form.
You visited 7 branches of the dungeon, and saw 34 of its levels.
You also visited: Ice Cave.

You collected 3626 gold pieces.
You spent 3409 gold pieces at shops.

Inventory:

Hand Weapons
 a - a +5 dagger of electrocution
 s - the +6 short sword "Afraejug" {venom, Int+4 Stlth-}
   (You found it on level 13 of the Dungeon)

   It poisons the flesh of those it strikes.
   It affects your intelligence (+4).
   It makes you less stealthy.
 u - the +11 broad axe "Musa" (melded) {drain, rF- rC+++ MR- Int+4}
   (You bought it in a shop on level 2 of the Orcish Mines)

   A truly terrible weapon, it drains the life of those it strikes.
   It affects your intelligence (+4).
   It makes you vulnerable to fire.
   It renders you almost immune to cold.
   It affects your resistance to hostile enchantments.
 G - a +2 quick blade of freezing
Missiles
 L - 5 javelins (quivered)
 S - 16 curare-tipped needles
 U - a throwing net
Armour
 i - a +2 cloak
 j - the +3 robe of Clouds (melded) {+Thunder rCloud rElec}
   (You bought it in a shop on level 2 of the Orcish Mines)

   It insulates you from electricity.
 k - a +1 helmet (melded)
 A - the +1 pair of gloves of Wutricib (melded) {*Drain Str+6 Dex+7}
   (You found it on level 1 of the Snake Pit)

   It affects your strength (+6).
   It affects your dexterity (+7).
   It causes draining when unequipped.
 I - the +2 pair of boots of the Assassin (melded) {Detection Stab+ Stlth++}
   (You found it on level 9 of the Dungeon)

   It makes you much more stealthy.
 K - a +3 buckler (melded)
 Y - the cursed +0 cloak of Intercession (melded) {rF+ Str+2 Int-5}
   (You found it on level 2 of the Swamp)

   It affects your strength (+2).
   It affects your intelligence (-5).
   It protects you from fire.
   It has a curse placed upon it.
Jewellery
 f - an uncursed ring of wizardry
 v - the amulet of Ceanamaawo (around neck) {Faith rN+ Str+2 Int+2 SInv}
   (You bought it in a shop on level 6 of the Dungeon)

   [amulet of faith]

   It allows you to gain divine favour quickly.
   It affects your strength (+2).
   It affects your intelligence (+2).
   It protects you from negative energy.
   It lets you see invisible.
 J - a ring of protection from fire (melded)
 M - an uncursed ring of resist corrosion
 O - the ring "Moituj" (melded) {rN+ Int+4 SInv}
   (You found it on level 13 of the Dungeon)

   [ring of positive energy]

   It affects your intelligence (+4).
   It protects you from negative energy.
   It lets you see invisible.
Wands
 b - a wand of digging (7)
 t - a wand of iceblast (14)
 y - a wand of clouds (4)
 W - a wand of acid (9)
 X - a wand of scattershot (6)
Scrolls
 l - 6 scrolls of magic mapping
 m - 19 scrolls of teleportation
 p - 10 scrolls of remove curse
 r - 18 scrolls of identify
 V - 2 scrolls of fear
Potions
 c - a potion of mutation {unknown}
 e - 11 potions of curing
 h - 7 potions of haste
 n - 5 potions of cancellation
 o - a potion of magic
 q - 7 potions of blood
 B - a potion of might
 C - 4 potions of resistance
 D - 4 potions of flight
 E - 2 potions of brilliance
 F - 7 potions of agility
 R - a potion of invisibility
Miscellaneous
 P - 2 boxes of beasts


   Skills:
 - Level 6.2 Fighting
 - Level 11.1 Short Blades
 + Level 10.0 Axes
 - Level 10.8 Dodging
 - Level 14.0 Stealth
 - Level 4.0 Shields
 - Level 14.5 Spellcasting
 - Level 7.2 Conjurations
 - Level 15.0 Hexes
 - Level 2.0 Translocations
 - Level 15.6 Ice Magic
 - Level 8.9 Air Magic
 - Level 2.7 Poison Magic
 - Level 6.0 Invocations
 - Level 0.9 Evocations


You had 18 spell levels left.
You knew the following spells:

 Your Spells              Type           Power        Failure   Level  Hunger
a - Corona                Hex            #######      0%          1    None
b - Blink                 Tloc           N/A          1%          2    None
c - Confuse               Hex            #######.     1%          3    None
d - Darkness              Hex            #######...   1%          6    ####...
g - Freezing Cloud        Conj/Ice/Air   ######....   5%          6    ####...
k - Airstrike             Air            ######....   1%          4    None
m - Mephitic Cloud        Conj/Pois/Air  ######..     1%          3    None
p - Passwall              Tmut/Erth      ###.....     4%          2    None
z - Ensorcelled Hibernat  Hex/Ice        ######       0%          2    None

Your spell library contained the following spells:

 Spells                   Type           Power        Failure   Level  Hunger
 Confusing Touch          Hex            ######       0%          1    None
 Slow                     Hex            #######.     0%          2    None
 Apportation              Tloc           ####..       1%          1    None
 Magic Dart               Conj           ####         1%          1    None
 Shock                    Conj/Air       ####         1%          1    None
 Poisonous Vapours        Pois/Air       #####.       1%          2    None
 Swiftness                Chrm/Air       #####...     1%          2    None
 Conjure Flame            Conj/Fire      #####...     1%          3    None
 Dazzling Spray           Conj/Hex       ######       1%          3    None
 Spectral Weapon          Hex/Chrm       ######..     1%          3    None
 Static Discharge         Conj/Air       ######..     1%          3    None
 Tukima's Dance           Hex            #######.     1%          3    None
 Leda's Liquefaction      Hex/Erth       ######....   1%          4    None
 Metabolic Englaciation   Hex/Ice        #######...   1%          5    ##.....
 Invisibility             Hex            #######.     1%          6    ####...
 Shroud of Golubria       Chrm/Tloc      ###.......   2%          2    None
 Animate Skeleton         Necr           N/A          3%          1    None
 Infusion                 Chrm           ###.         3%          1    None
 Summon Small Mammal      Summ           ###.         3%          1    None
 Gell's Gravitas          Tloc           ####......   3%          3    None
 Lesser Beckoning         Tloc           ####......   3%          3    None
 Teleport Other           Tloc           ####....     3%          3    None
 Lightning Bolt           Conj/Air       ######....   3%          5    ##.....
 Yara's Violent Unravell  Hex/Tmut       ######....   3%          5    ##.....
 Call Imp                 Summ           ###.....     4%          2    None
 Corpse Rot               Necr           N/A          4%          2    None
 Song of Slaying          Chrm           ###.....     4%          2    None
 Sublimation of Blood     Necr           ###.......   4%          2    None
 Regeneration             Chrm/Necr      ###.......   9%          3    None
 Venom Bolt               Conj/Pois      #####.....   11%         5    ##.....
 Passage of Golubria      Tloc           N/A          12%         4    None
 Bolt of Draining         Conj/Necr      #####.....   19%         5    ##.....
 Iskenderun's Battlesphe  Conj/Chrm      #####...     19%         5    ##.....
 Petrify                  Tmut/Erth      ###.....     28%         4    None
 Bolt of Magma            Conj/Fire/Erth ####......   30%         5    ##.....
 Agony                    Necr           ###.....     63%         5    ##.....
 Dispel Undead            Necr           ###.....     63%         5    ##.....
 Excruciating Wounds      Chrm/Necr      ###.......   63%         5    ##.....
 Lee's Rapid Deconstruct  Erth           ###.......   63%         5    ##.....
 Iron Shot                Conj/Erth      #####.....   69%         6    ####...
 Orb of Destruction       Conj           ######....   77%         7    ######.
 Statue Form              Tmut/Erth      ###......    99%         6    ####...
 Spellforged Servitor     Conj/Summ      #####.....   99%         7    ######.
 Ring of Flames           Chrm/Fire      ###.......   100%        7    ######.
 Shatter                  Erth           ###.......   100%        9    #######


Dungeon Overview and Level Annotations

Branches:
Dungeon (15/15)            Temple (1/1) D:5            Lair (6/6) D:9
  Swamp (4/4) Lair:3        Snake (4/4) Lair:2        Slime (0/5) Lair:6
    Orc (2/2) D:12            Elf (2/3) Orc:2        Vaults (0/5) D:13
 Depths (0/5) D:15

Altars:
Ashenzari
Cheibriados
Dithmenos
Elyvilon
Fedhas
Gozag
Hepliaklqana
Kikubaaqudgha
Makhleb
Nemelex Xobeh
Okawaru
Qazlal
Ru
Sif Muna
Trog
Uskayaw
Vehumet
Wu Jian
Xom
Yredelemnul
Zin
The Shining One
Beogh
Jiyva

Shops:
D:6 =   D:12 ?(%?(   D:14 *   Orc:2 *[}(   Elf:2 *   Snake:4 %

Annotations:
D:7 2 transporters
D:8 exclusion: statue
Elf:1 3 runed translucent doors, exclusion: door


Innate Abilities, Weirdness & Mutations

Your body is rotting away.
You thrive on raw meat.
You heal slowly.
You have razor-sharp teeth.
You have supernaturally acute eyesight. (SInv)
((You can survive without breathing.))


Message History

You are very lightly contaminated with residual magic.
As you read the scroll of blinking, it crumbles to dust.
Unknown command.
Unknown command.
Unknown command.
Unknown command.
Unknown command.
You turn into a vampire bat.
The +11 broad axe "Musa" {drain, rF- rC+++ MR- Int+4} melds into your body.
The cursed +0 cloak of Intercession {rF+ Str+2 Int-5} melds into your body.
Your +1 helmet melds into your body.
The +1 pair of gloves of Wutricib {*Drain Str+6 Dex+7} melds into your body.
The +2 pair of boots of the Assassin {Detection Stab+ Stlth++} melds into your body.
Your +3 buckler melds into your body.
The +3 robe of Clouds {+Thunder rCloud rElec} melds into your body.
Your ring of protection from fire melds into your body.
The ring "Moituj" {rN+ Int+4 SInv} melds into your body.
The deep elf mage points at you and mumbles some strange words.
The bolt of lightning hits you!!
You die...

..##.##......#...## ##
.#...#.#####.....## #
#...#.####>......#
#...#.##..........###
#)..#.##.#.......#...
######..)#.##...>....##...
##...≈≈≈...................
....≈≈≈≈≈........#..#######
#e.≈≈∩≈≈.b...%..##.#
###≈≈.≈≈.#####..# .#
##≈.)..# .#.. # # ##....#
..(.. #.#######(..# ###..#
#.#.........# .#
#........e.## ###.##.#(###
#.##.......


You could see a deep elf mage and 2 dancing weapons.

Vanquished Creatures
  Rupert (Lair:6)
  2 thorn hunters (Swamp:4)
  11 nagarajas
  A storm dragon (D:15)
  A fire giant (D:15)
  2 frost giants
  A deep elf sorcerer (Elf:2)
  Louise (Swamp:2)
  An orc warlord (Orc:1)
  A reaper (IceCv)
  A deep elf elementalist (Elf:1)
  An ironheart preserver (D:13)
  2 deep elf demonologists (Elf:1)
  Nessos (D:11)
  A deep elf annihilator (Elf:2)
  A deep elf death mage (Elf:1)
  The ghost of Torikoriko the Eclecticist, a journeyman DEVM of Vehumet (Lair:6)
  A yaktaur captain (D:15)
  A great orb of eyes (D:15)
  5 naga warriors
  A deep elf high priest (Elf:1)
  Erolcha (D:13)
  3 fire dragons
  2 ice dragons
  2 ogre magi (D:15)
  A rakshasa (D:13)
  6 centaur warriors
  A ghost crab (Swamp:4)
  26 hydras
  A catoblepas (D:13)
  27 anacondas
  An anaconda (shapeshifter) (D:15)
  The ghost of Lavandula the Grappler, a novice TrWn of Cheibriados (D:10)
  4 two-headed ogres
  16 alligators
  A shambling mangrove (Swamp:3)
  A tengu warrior (D:15)
  10 dancing weapons
  11 death yaks
  9 deep elf knights
  7 shock serpents
  9 naga sharpshooters
  3 orc high priests (Orc:2)
  Nergalle (D:12)
  A fire crab (shapeshifter) (D:15)
  A skeletal warrior (D:15)
  3 unseen horrors
  A shadow wraith (D:15)
  A deep troll (D:15)
  3 salamander mystics
  7 naga ritualists
  2 sea snakes
  9 swamp dragons
  A lindwurm (Lair:6)
  2 spriggan druids (Swamp:4)
  4 deep elf archers
  6 orc knights
  Pikel (D:4)
  4 oklob plants
  4 orc sorcerers
  6 mana vipers
  31 deep elf magi
  2 manticores (D:13)
  4 cyclopes (D:15)
  4 wolf spiders (D:15)
  9 ugly things
  The ghost of Lanoc the Cleaver, a novice OpGl of Uskayaw (D:9)
  14 salamanders
  4 elephants (Lair:5)
  14 guardian serpents
  34 black mambas
  Maurice (D:13)
  13 naga magi
  3 gargoyles
  6 torpor snails
  10 spiny frogs
  6 komodo dragons
  5 yaktaurs (D:15)
  2 efreet (D:15)
  3 rime drakes
  3 freezing wraiths (D:15)
  2 kobold demonologists (D:15)
  A tengu conjurer (D:15)
  8 trolls
  9 ice devils (IceCv)
  A queen bee (Lair:1)
  A jumping spider (shapeshifter) (D:15)
  15 hornets
  Grinder (D:3)
  3 blink frogs (Swamp:4)
  11 dream sheep (Lair:4)
  A harpy skeleton (D:15)
  30 slime creatures
  11 tyrant leeches
  6 bog bodies
  8 hippogriffs
  2 air elementals (Elf:1)
  3 shadows
  2 spriggans
  3 wyverns
  Sigmund (D:5)
  4 water elementals
  A vampire (D:15)
  A fire elemental (Elf:1)
  A tarantella (shapeshifter) (D:15)
  Eustachio (D:4)
  19 yaks
  5 basilisks
  A human (D:12)
  A wraith (D:14)
  3 steam dragons
  6 vampire mosquitoes
  3 wargs
  11 insubstantial wisps (Swamp:4)
  47 nagas
  4 acid dragons
  13 swamp worms
  22 water moccasins
  2 soldier ants (D:8)
  Duvessa (D:6)
  16 ice beasts
  A porcupine (shapeshifter) (D:15)
  29 orc warriors
  8 porcupines
  14 swamp drakes
  A meliai simulacrum (D:15)
  An ice beast (shapeshifter) (D:14)
  A sky beast (D:8)
  A slave (D:4)
  3 necrophages
  6 ogres
  4 black bears
  4 wolves (Lair:4)
  A phantom (D:4)
  10 crocodiles
  2 centaurs
  3 big kobolds
  Blork the orc (D:4)
  17 bullfrogs
  A wyvern zombie (D:10)
  3 earth elementals
  A hornet simulacrum (D:15)
  6 scorpions
  Dowan (D:6)
  33 killer bees
  7 howler monkeys
  6 wights
  8 electric eels
  9 crimson imps
  4 centaur zombies
  2 bullfrog zombies (D:5)
  2 quasits
  7 hounds
  2 bullfrog skeletons
  Crazy Yiuf (D:2)
  5 jellies
  21 orc priests
  7 centaur skeletons
  2 iguanas
  Ijyb (D:4)
  39 orc wizards
  10 worker ants
  2 killer bee zombies (D:7)
  A centaur simulacrum (D:9)
  2 hound skeletons (D:5)
  A worker ant zombie (D:11)
  6 adders
  9 gnolls
  2 river rats (Lair:2)
  2 hound simulacra (D:9)
  3 shadow imps
  12 white imps
  7 ufetubi
  6 oozes
  3 adder skeletons (D:5)
  5 worms
  2 dart slugs
  An adder simulacrum (D:9)
  6 leopard geckos
  94 orcs
  5 giant cockroaches
  10 goblins
  5 hobgoblins (D:1)
  7 jackals
  4 quokkas
  8 ball pythons
  12 bats
  6 frilled lizards
  18 kobolds
  A quokka skeleton (D:4)
  A quokka zombie (D:9)
  2 rats (D:2)
  A bush (D:12)
  2 fungi (D:15)
  9 plants
1228 creatures vanquished.

Vanquished Creatures (others)
  A vampire mosquito (Swamp:4)
  An ogre (D:5)
  A killer bee (Lair:1)
  An orc priest (Elf:1)
  An orc wizard (Elf:1)
  An adder (D:5)
  A white imp (IceCv)
  4 ufetubi (IceCv)
  4 orcs
  A ball python (D:5)
  19 fungi
  8 plants
43 creatures vanquished.

Grand Total: 1271 creatures vanquished

Notes
Turn   | Place    | Note
-------+----------+-------------------------------------------
     0 | D:1      | erker the Vampire Enchanter began the quest for the Orb.
     0 | D:1      | Reached XP level 1. HP: 13/13 MP: 3/3
   170 | D:1      | Reached skill level 5 in Hexes
   170 | D:1      | Reached XP level 2. HP: 18/19 MP: 5/5
   174 | D:1      | Learned a level 2 spell: Ensorcelled Hibernation
   817 | D:1      | Reached skill level 5 in Stealth
   817 | D:1      | Reached XP level 3. HP: 19/24 MP: 3/6
  1605 | D:2      | Reached skill level 1 in Ice Magic
  1882 | D:2      | Reached XP level 4. HP: 30/30 MP: 2/7
  2052 | D:2      | Found a runed translucent door.
  2057 | D:2      | Learned a level 3 spell: Confuse
  2057 | D:2      | Noticed Crazy Yiuf
  2069 | D:2      | Killed Crazy Yiuf
  2419 | D:3      | Reached XP level 5. HP: 35/35 MP: 5/8
  2647 | D:3      | Noticed Grinder
  2978 | D:3      | Found a white marble altar of Elyvilon.
  3112 | D:3      | Paralysed by Grinder for 3 turns
  3116 | D:3      | Killed Grinder
  3116 | D:3      | Reached skill level 5 in Ice Magic
  3116 | D:3      | Reached XP level 6. HP: 31/41 MP: 9/9
  3229 | D:4      | Noticed Eustachio
  3238 | D:4      | Killed Eustachio
  3276 | D:4      | Noticed a slave
  3278 | D:4      | Noticed Pikel
  3310 | D:4      | Reached XP level 7. HP: 27/46 MP: 5/11
  4171 | D:4      | Killed Pikel
  4171 | D:4      | Reached XP level 8. HP: 53/53 MP: 2/13
  4208 | D:4      | Noticed Blork the orc
  4216 | D:4      | Killed Blork the orc
  4344 | D:5      | Entered Level 5 of the Dungeon
  4344 | D:5      | Noticed Ijyb
  4346 | D:5      | Noticed Sigmund
  4353 | D:4      | Killed Ijyb
  4503 | D:5      | Killed Sigmund
  4512 | D:5      | Found a glowing golden altar of the Shining One.
  4512 | D:5      | Found a blossoming altar of Fedhas.
  4513 | D:5      | Found a sparkling altar of Nemelex Xobeh.
  4682 | D:5      | Found a staircase to the Ecumenical Temple.
  4691 | Temple   | Entered the Ecumenical Temple
  4765 | Temple   | Became a worshipper of Dithmenos the Shadowed
  4782 | D:5      | Reached XP level 9. HP: 58/58 MP: 15/15
  4948 | D:5      | Reached skill level 10 in Stealth
  5110 | D:5      | Found a shimmering altar of Xom.
  5171 | D:6      | Noticed Duvessa
  5171 | D:6      | Noticed Dowan
  5276 | D:6      | Found a burning altar of Makhleb.
  5321 | D:6      | Reached * piety under Dithmenos
  5434 | D:6      | Reached skill level 5 in Short Blades
  5510 | D:6      | Killed Dowan
  5660 | D:6      | Killed Duvessa
  5660 | D:6      | Reached skill level 5 in Spellcasting
  5683 | D:6      | Found a deep blue altar of Sif Muna.
  5814 | D:6      | Found Wegez's Jewellery Shop.
  5826 | D:6      | Got a silken robe
  6321 | D:7      | Found a transporter.
  6372 | D:7      | Reached skill level 1 in Fighting
  6395 | D:7      | Found a bloodstained altar of Trog.
  6419 | D:7      | Found a transporter.
  6419 | D:7      | Noticed an unseen horror
  6478 | D:7      | Reached ** piety under Dithmenos
  6478 | D:7      | Reached XP level 10. HP: 57/65 MP: 8/17
  7417 | D:8      | Noticed a two-headed ogre
  7448 | D:8      | Killed a two-headed ogre
  7657 | D:8      | Found a radiant altar of Vehumet.
  8306 | D:9      | Reached *** piety under Dithmenos
  8347 | D:9      | Noticed a seven-headed hydra
  8381 | D:9      | Killed a seven-headed hydra
  8424 | D:9      | Found a staircase to the Lair.
  8649 | D:9      | Reached XP level 11. HP: 62/72 MP: 16/20
  8974 | D:9      | Found a runed translucent gate.
  8974 | D:9      | Identified the +5 battleaxe of Qazlal {vamp, Str-4 Int+7
                  | SInv Stlth-}
  8974 | D:9      | Identified the +8 chain mail of Vokhliar {-Cast Str+8}
  8975 | D:9      | Found a runed translucent gate.
  8976 | D:9      | Found a runed translucent gate.
  8977 | D:9      | Found a roughly hewn altar of Beogh.
  8978 | D:9      | Found the +2 pair of boots of the Assassin {Detection Stab+
                  | Stlth++}
  8983 | D:9      | Noticed Lanoc's ghost (novice OpGl)
  9069 | D:9      | Killed Lanoc's ghost
  9238 | D:10     | Entered Level 10 of the Dungeon
  9398 | D:10     | Reached **** piety under Dithmenos
  9400 | D:10     | Found a runed translucent door.
  9448 | D:10     | Noticed Lavandula's ghost (novice TrWn)
  9464 | D:10     | Killed Lavandula's ghost
  9464 | D:10     | Reached skill level 10 in Hexes
 11025 | D:12     | Found Luguz's Food Emporium.
 11099 | D:12     | Noticed a brown ugly thing
 11103 | D:12     | Killed a brown ugly thing
 11135 | D:12     | Found Ilyrrunu's Antique Weapon Emporium.
 11140 | D:12     | Found Gyts's Magic Scroll Shop.
 11147 | D:12     | Bought a scroll of identify for 28 gold pieces
 11147 | D:12     | Bought a scroll of noise for 14 gold pieces
 11147 | D:12     | Bought a scroll of immolation for 49 gold pieces
 11147 | D:12     | Bought a scroll of identify for 28 gold pieces
 11147 | D:12     | Bought a scroll of identify for 28 gold pieces
 11147 | D:12     | Bought a scroll of identify for 28 gold pieces
 11147 | D:12     | Bought a scroll of teleportation for 42 gold pieces
 11147 | D:12     | Bought a scroll of fear for 49 gold pieces
 11147 | D:12     | Bought a scroll of amnesia for 49 gold pieces
 11159 | D:12     | Noticed a purple ugly thing
 11167 | D:12     | Killed a purple ugly thing
 11222 | D:12     | Noticed a two-headed ogre
 11229 | D:12     | Killed a two-headed ogre
 11229 | D:12     | Reached skill level 10 in Ice Magic
 11237 | D:12     | Noticed Nessos
 11300 | Lair:1   | Entered Level 1 of the Lair of Beasts
 11391 | Lair:1   | Reached ***** piety under Dithmenos
 11408 | Lair:1   | Reached XP level 12. HP: 54/80 MP: 7/23
 12398 | Lair:2   | Found a staircase to the Snake Pit.
 12694 | Lair:3   | Found a frozen archway.
 12777 | IceCv    | Entered an ice cave
 13222 | IceCv    | Reached skill level 5 in Dodging
 13317 | IceCv    | Reached skill level 1 in Shields
 13339 | IceCv    | Noticed a reaper
 13348 | IceCv    | Killed a reaper
 13810 | IceCv    | Reached skill level 10 in Short Blades
 14175 | Lair:3   | Found a staircase to the Swamp.
 14372 | Lair:3   | Noticed a death yak
 14373 | Lair:3   | Noticed a death yak
 14373 | Lair:3   | Noticed a death yak
 14373 | Lair:3   | Noticed a death yak
 14373 | Lair:3   | Noticed a death yak
 14374 | Lair:3   | Noticed a death yak
 15271 | Lair:2   | Killed a death yak
 15277 | Lair:2   | Killed a death yak
 15554 | Lair:2   | Killed a death yak
 15841 | Lair:2   | Killed a death yak
 16035 | Lair:2   | Killed a death yak
 16035 | Lair:2   | Reached XP level 13. HP: 87/87 MP: 10/25
 17528 | D:11     | Got a crude broad axe
 17529 | D:11     | Identified the cursed +1 broad axe of Dividends {freeze,
                  | rF++ Dex-4 Stlth+} (You found it on level 11 of the
                  | Dungeon)
 17651 | Lair:1   | Identified the +2 robe "Nyecky" {rN+ Str+2 Stlth+} (You
                  | found it on level 6 of the Dungeon)
 18067 | Lair:5   | Learned a level 3 spell: Mephitic Cloud
 18215 | Lair:5   | Reached skill level 1 in Poison Magic
 18372 | Lair:6   | Entered Level 6 of the Lair of Beasts
 18385 | Lair:6   | Found a runed translucent door.
 18385 | Lair:6   | Found a shimmering altar of Xom.
 18385 | Lair:6   | Noticed Torikoriko's ghost (journeyman DEVM)
 18389 | Lair:6   | Killed Torikoriko's ghost
 18411 | Lair:6   | Found a runed translucent door.
 18412 | Lair:6   | Found a viscous altar of Jiyva.
 18414 | Lair:6   | Found a staircase to the Slime Pits.
 18445 | Lair:6   | Reached XP level 14. HP: 83/95 MP: 9/27
 18682 | Lair:6   | Reached skill level 1 in Conjurations
 19063 | Lair:6   | Reached skill level 10 in Spellcasting
 19362 | Lair:6   | Noticed Rupert
 19402 | Lair:6   | Killed Rupert
 19547 | Lair:6   | Found a runed translucent door.
 19570 | Lair:6   | Reached skill level 15 in Hexes
 20202 | D:11     | Killed Nessos
 20249 | D:12     | Found a staircase to the Orcish Mines.
 20498 | D:12     | Noticed Nergalle
 20518 | D:12     | Killed Nergalle
 20565 | D:12     | Reached skill level 1 in Air Magic
 20656 | D:12     | Found Faycwoige's Weapon Boutique.
 20716 | D:12     | Found Okkaoc's Magic Scroll Shop.
 20724 | D:12     | Bought a scroll of identify for 30 gold pieces
 20724 | D:12     | Bought a scroll of identify for 30 gold pieces
 20724 | D:12     | Bought a scroll of identify for 30 gold pieces
 20886 | D:12     | You fall through a shaft for 3 floors!
 20886 | D:15     | Entered Level 15 of the Dungeon
 20887 | D:15     | Noticed a storm dragon
 20887 | D:15     | Killed a storm dragon
 21030 | D:15     | Paralysed by a great orb of eyes for 3 turns
 21295 | D:15     | Reached XP level 15. HP: 101/101 MP: 25/29
 21352 | D:15     | Found a shattered altar of Ashenzari.
 21352 | D:15     | Found a stormy altar of Qazlal.
 21354 | D:15     | Found an ornate altar of the Wu Jian Council.
 21467 | D:14     | Found Saxocif's Demolitions Depot.
 21513 | D:13     | Noticed Maurice
 21516 | D:13     | Killed Maurice
 21531 | D:13     | Got a crude short sword
 21537 | D:13     | Found a gate to the Vaults.
 21643 | D:13     | Noticed Erolcha
 21653 | D:13     | Killed Erolcha
 21822 | D:12     | Found a blossoming altar of Fedhas.
 22167 | D:13     | Found a stormy altar of Qazlal.
 22538 | D:13     | Identified the +6 short sword "Afraejug" {venom, Int+4
                  | Stlth-} (You found it on level 13 of the Dungeon)
 22730 | Orc:1    | Entered Level 1 of the Orcish Mines
 22774 | Orc:1    | Found a roughly hewn altar of Beogh.
 22901 | Orc:1    | Found an iron altar of Okawaru.
 23253 | Orc:1    | Noticed an orc warlord
 23276 | Orc:1    | Killed an orc warlord
 23375 | Orc:2    | Entered Level 2 of the Orcish Mines
 23387 | Orc:2    | Found a roughly hewn altar of Beogh.
 23617 | Orc:2    | Found a staircase to the Elven Halls.
 23807 | Orc:2    | Reached ****** piety under Dithmenos
 24041 | Orc:2    | Paralysed by an orc sorcerer for 3 turns
 24087 | Orc:2    | Found Rudu Foe's Antique Weapon Emporium.
 24087 | Orc:2    | Found Ynuiwa's Gadget Boutique.
 24091 | Orc:2    | Found Kacuvowu's Armour Emporium.
 24091 | Orc:2    | Found Bukkaanemm's Assorted Antiques.
 24257 | Orc:2    | Bought a scroll labeled YQIMOMPORHO for 36 gold pieces
 24257 | Orc:2    | Bought a metal-bound book for 540 gold pieces
 24461 | D:14     | Bought a book of Clouds for 855 gold pieces
 24481 | D:13     | Learned a level 6 spell: Freezing Cloud
 24696 | D:13     | Noticed a frost giant
 24703 | D:13     | Killed a frost giant
 24707 | D:13     | Got a translucent jade ring
 24711 | D:13     | Identified the ring "Moituj" {rN+ Int+4 SInv} (You found it
                  | on level 13 of the Dungeon)
 25004 | D:14     | Found a basalt altar of Yredelemnul.
 25804 | D:15     | Reached skill level 5 in Air Magic
 26042 | D:15     | Found a staircase to the Depths.
 26403 | D:15     | Reached XP level 16. HP: 108/108 MP: 31/31
 26430 | D:15     | Reached skill level 5 in Fighting
 26802 | D:15     | Got a steaming leather armour
 27080 | D:15     | Noticed a storm dragon
 27113 | D:15     | Got a smoking robe
 27315 | Lair:1   | Identified the +1 robe of the Mackerel {MR+} (You found it
                  | on level 15 of the Dungeon)
 27330 | Lair:1   | Identified the cursed +1 leather armour "Duefuibe" {+Blink
                  | rN+ MR-} (You found it on level 15 of the Dungeon)
 27412 | Snake:1  | Entered Level 1 of the Snake Pit
 27483 | Snake:1  | Reached skill level 5 in Conjurations
 27774 | Orc:2    | Bought the +3 robe of Clouds {+Thunder rCloud rElec} for
                  | 356 gold pieces
 27774 | Orc:2    | Found the +3 robe of Clouds {+Thunder rCloud rElec}
 28007 | Snake:1  | Got a pair of slimy gloves
 28018 | Snake:1  | Identified the +1 pair of gloves of Wutricib {*Drain Str+6
                  | Dex+7} (You found it on level 1 of the Snake Pit)
 28435 | Snake:1  | Reached skill level 1 in Axes
 28888 | Snake:2  | Found a runed translucent gate.
 28888 | Snake:2  | Found a runed translucent gate.
 28888 | Snake:2  | Found a runed translucent gate.
 28912 | Snake:2  | Reached skill level 10 in Dodging
 28954 | Snake:2  | Learned a level 4 spell: Airstrike
 29030 | Snake:2  | Reached skill level 1 in Invocations
 29272 | Snake:2  | Found a shimmering altar of Xom.
 30324 | Snake:3  | Reached skill level 15 in Ice Magic
 30324 | Snake:3  | Reached XP level 17. HP: 115/115 MP: 30/34
 30985 | Snake:4  | Entered Level 4 of the Snake Pit
 31214 | Snake:4  | Found Pikimue's Food Shop.
 31813 | Snake:4  | Learned a level 2 spell: Blink
 31841 | Snake:4  | Reached skill level 1 in Translocations
 33374 | Snake:4  | Reached skill level 5 in Axes
 33787 | Snake:4  | Got a serpentine rune of Zot
 34350 | Swamp:1  | Entered Level 1 of the Swamp
 34541 | D:6      | Bought the amulet of Ceanamaawo {Faith rN+ Str+2 Int+2
                  | SInv} for 893 gold pieces
 34981 | Swamp:1  | Reached XP level 18. HP: 123/123 MP: 36/36
 35261 | Swamp:1  | You fall through a shaft!
 35277 | Swamp:2  | Noticed Louise
 35279 | Swamp:2  | Killed Louise
 35356 | Swamp:2  | Reached skill level 5 in Invocations
 35615 | Swamp:2  | Got a warped cloak
 35626 | Swamp:2  | Identified the cursed +0 cloak of Intercession {rF+ Str+2
                  | Int-5} (You found it on level 2 of the Swamp)
 36510 | Swamp:4  | Entered Level 4 of the Swamp
 36987 | Swamp:4  | Learned a level 2 spell: Passwall
 37922 | Swamp:4  | Got a decaying rune of Zot
 38056 | Lair:1   | Learned a level 6 spell: Darkness
 38247 | Orc:2    | Bought a dazzling broad axe for 324 gold pieces
 38247 | Orc:2    | Identified the +11 broad axe "Musa" {drain, rF- rC+++ MR-
                  | Int+4} (You bought it in a shop on level 2 of the Orcish
                  | Mines)
 38428 | Lair:1   | Identified a scroll of acquirement
 38574 | Elf:1    | Entered Level 1 of the Elven Halls
 39045 | Elf:1    | Noticed a Hell Sentinel
 39539 | Elf:1    | Found a runed translucent gate.
 39539 | Elf:1    | Found a runed translucent gate.
 39539 | Elf:1    | Found a runed translucent gate.
 39539 | Elf:1    | Found a runed translucent gate.
 39539 | Elf:1    | Found a runed translucent gate.
 39544 | Elf:1    | Found a runed translucent gate.
 39892 | Elf:2    | Reached XP level 19. HP: 98/129 MP: 15/37
 40225 | Elf:2    | Found Wuiffal's Assorted Antiques.
 40258 | Elf:2    | Reached skill level 10 in Axes
 40268 | Elf:2    | Killed from afar by a deep elf mage

Skill      XL: |  1  2  3  4  5  6  7  8  9 10 11 12 13 14 15 16 17 18 19 |
---------------+----------------------------------------------------------+-----
Hexes          | 5 6 7 8 9 11 12 14 15 | 15.0
Stealth        | 5 6 8 9 11 13 14 | 14.0
Ice Magic      | 2 3 5 6 7 8 9 10 11 12 13 14 15 | 15.6
Short Blades   | 3 4 6 7 8 10 11 | 11.1
Spellcasting   | 3 4 5 6 7 8 9 10 11 13 14 | 14.5
Dodging        | 3 4 5 6 7 9 10 | 10.8
Fighting       | 1 2 3 4 5 6 |  6.2
Shields        | 1 2 3 4 |  4.0
Poison Magic   | 1 2 |  2.7
Conjurations   | 3 4 5 6 7 |  7.2
Air Magic      | 2 5 6 8 |  8.9
Axes           | 3 5 9 10 | 10.0
Invocations    | 2 4 6 |  6.0
Translocations | 2 |  2.0
Evocations     | |  0.9

Action                   |  1- 3 |  4- 6 |  7- 9 | 10-12 | 13-15 | 16-18 | 19-21 || total
-------------------------+-------+-------+-------+-------+-------+-------+-------++-------
Melee: Dagger            |   130 |    82 |   231 |   368 |   421 |   555 |       ||  1787
       Bite              |     9 |     3 |     9 |    49 |    78 |   107 |     1 ||   256
       Short sword       |       |       |       |   286 |   437 |    64 |       ||   787
       Unarmed           |       |       |       |    11 |       |       |       ||    11
       Quick blade       |       |       |       |       |   105 |   154 |       ||   259
       Staff             |       |       |       |       |     9 |       |       ||     9
       Eveningstar       |       |       |       |       |     2 |       |       ||     2
       Broad axe         |       |       |       |       |       |    63 |    29 ||    92
Throw: Throwing net      |       |     2 |       |       |       |       |       ||     2
       Javelin           |       |       |       |       |     1 |     8 |       ||     9
 Cast: Corona            |    12 |       |       |       |       |       |       ||    12
       Ensorcelled Hiber |    14 |    16 |    58 |   122 |   241 |   176 |     2 ||   629
       Confuse           |       |       |    29 |    76 |    83 |   117 |     4 ||   309
       Mephitic Cloud    |       |       |       |       |     1 |     4 |       ||     5
       Freezing Cloud    |       |       |       |       |     6 |    74 |       ||    80
       Airstrike         |       |       |       |       |       |    24 |     7 ||    31
Invok: Shadow Step       |       |       |       |     2 |     9 |    12 |       ||    23
       Shadow Form       |       |       |       |     1 |       |       |       ||     1
 Abil: End Transformatio |     1 |     1 |     4 |    22 |    17 |    23 |       ||    68
       Bat Form          |     1 |     1 |     4 |    21 |    17 |    23 |     1 ||    68
Evoke: Wand              |       |       |       |    10 |     5 |     8 |       ||    23
  Use: Potion            |       |       |     4 |    13 |    15 |    17 |     2 ||    51
       Scroll            |       |       |       |    10 |     9 |    18 |     1 ||    38
 Stab: Sleeping          |    22 |    27 |    64 |   165 |   258 |   192 |     4 ||   732
       Distracted        |     1 |     1 |       |     2 |     2 |     2 |     1 ||     9
       Confused          |       |       |    11 |    30 |    56 |    60 |     1 ||   158
       Paralysed         |       |       |       |     2 |       |       |       ||     2
Armor: Robe              |    41 |    19 |    59 |   103 |    75 |    86 |     8 ||   391
Dodge: Dodged            |   111 |    48 |   151 |   293 |   401 |   500 |    17 ||  1521
Block: Buckler           |       |       |       |    75 |   166 |   208 |     8 ||   457
